 Dungeon Crawl Stone Soup version 0.18.1-48-g4cf74bf (webtiles) character file.

25 Alarkh the Charmwright (level 2, -4/22 HPs)
             Began as a Mummy Skald on July 28, 2016.
             Slain by Natasha (9 damage)
             ... on level 2 of the Dungeon.
             The game lasted 00:00:53 (917 turns).

Alarkh the Charmwright (Mummy Skald)                 Turns: 917, Time: 00:00:54

Health: -4/22      AC:  6    Str: 15    XL:     2   Next: 82%
Magic:  3/5        EV: 11    Int: 11    God:
Gold:   52         SH:  0    Dex: 11    Spells: 1 memorised, 4 levels left

rFire  x . .     SeeInvis .     a - +0 spear
rCold  + . .     Gourm    .     b - +0 leather armour
rNeg   + + +     Faith    .     (no shield)
rPois  ∞         Spirit   .     j - +2 helmet
rElec  .         Dismiss  .     (no cloak)
rCorr  .         Reflect  .     (no gloves)
SustAt .         Harm     .     (no boots)
MR     .....                    f - amulet of magic regeneration
Stlth  +.........               (no ring)
                                (no ring)

@: infused, not resistant to hostile enchantments, very unstealthy
A: no food or potions, fire vulnerability, cold resistance 1, negative energy
resistance 3, torment resistance, unbreathing
a: no special abilities


You were on level 2 of the Dungeon.
You were not hungry.

You visited 1 branch of the dungeon, and saw 2 of its levels.

You collected 52 gold pieces.

Inventory:

Hand Weapons
 a - a +0 spear (weapon)
Armour
 b - a +0 leather armour (worn)
 j - a +2 helmet (worn)
Jewellery
 f - an amulet of magic regeneration (around neck)
Scrolls
 d - a scroll of remove curse {unknown}
 e - a scroll of blinking {unknown}
 g - a scroll of random uselessness {unknown}
 h - a scroll of identify {unknown}
 i - a scroll of fog {unknown}
Books
 c - a book of Battle

   Spells                             Type                      Level
   a - Infusion                       Charms                       1
   b - Shroud of Golubria             Charms/Translocation         2
   c - Song of Slaying                Charms                       2
   d - Spectral Weapon                Hexes/Charms                 3
   e - Regeneration                   Charms/Necromancy            3


   Skills:
 + Level 2.0 Fighting
 + Level 1.9 Polearms
 + Level 0.8 Armour
 + Level 0.8 Dodging
 + Level 0.1 Stealth
 + Level 2.2 Spellcasting
 + Level 2.8 Charms


You had 4 spell levels left.
You knew the following spells:

 Your Spells              Type           Power        Failure   Level  Hunger
a - Infusion              Chrm           #...         14%         1    N/A

Dungeon Overview and Level Annotations

Branches:
Dungeon (2/15)

Altars:

Annotations:
D:2 Natasha


Innate Abilities, Weirdness & Mutations

You do not eat or drink.
Your flesh is vulnerable to fire.
You are immune to poison.
Your flesh is cold resistant.
You are immune to negative energy.
You are immune to unholy pain and torment.
You can survive without breathing.


Message History

The crimson imp hits you but does no damage.
The crimson imp closely misses you.
The crimson imp hits you but does no damage.
Natasha claws you.
You hit Natasha.
Natasha is moderately wounded.
The crimson imp misses you. The crimson imp barely misses you.
Natasha barely misses you.
The crimson imp hits you but does no damage.
You closely miss Natasha.
Natasha is moderately wounded.
The crimson imp blinks!
The crimson imp closely misses you. Natasha claws you!
* * * LOW HITPOINT WARNING * * *
The crimson imp hits you but does no damage.
You hit Natasha.
Natasha is moderately wounded.
The crimson imp barely misses you.
The crimson imp hits you but does no damage.
Natasha claws you!
You die...

.............####.#
...........##..####
#...#......#...#
#.............##
.......##..†...########
#......................
#...5......#....#######
......h#5..##...#
#$..5@..<.##..#
#...........#.#
#.........#....#
######$...####..#
#....# ### #....#
#..... .....## ##....#


You could see Natasha and 3 crimson imps.

Vanquished Creatures
  An ooze (D:1)
  2 worms
  A dart slug (D:1)
  A giant gecko (D:1)
  2 hobgoblins
  3 bats (D:1)
  A kobold (D:1)
  4 rats (D:1)
15 creatures vanquished.

Notes
Turn   | Place    | Note
--------------------------------------------------------------
     0 | D:1      | Alarkh the Mummy Skald began the quest for the Orb.
     0 | D:1      | Reached XP level 1. HP: 16/16 MP: 3/3
    53 | D:1      | Reached XP level 2. HP: 20/22 MP: 1/5
   905 | D:2      | Noticed Natasha
   906 | D:2      | Noticed a crimson imp
   908 | D:2      | Noticed a crimson imp
   913 | D:2      | Noticed a crimson imp
   917 | D:2      | Slain by Natasha

Action                   || total
-------------------------++-------
Melee: Spear             ||    57
 Cast: Infusion          ||    11
Armor: Leather armour    ||    11
Dodge: Dodged            ||    37
